 Dungeon Crawl Stone Soup version 0.25-a0-294-gea9b1ad378 (webtiles) character file.

Game seed: 4448424349788537185, levelgen mode: deterministic

154 Gargoyl the Skirmisher (level 5, -5/67 HPs)
             Began as a Centaur Abyssal Knight on Dec 18, 2019.
             Was a Believer of Lugonu.
             Slain by an ogre
             ... wielding a +0 giant club
              (10 damage)
             ... on level 3 of the Dungeon.
             The game lasted 00:04:55 (3615 turns).

Gargoyl the Skirmisher (Centaur Abyssal Knight)     Turns: 3615, Time: 00:04:56

Health: -5/67      AC: 22    Str: 15    XL:     5   Next: 13%
Magic:  7/7        EV:  1    Int: 11    God:    Lugonu [**....]
Gold:   263        SH:  9    Dex:  9    Spells: 4/4 levels left

rFire    . . .     SeeInvis .   a - +3 hand axe
rCold    . . .     Gourm    .   e - +2 shield
rNeg     + + +     Faith    .   (armour currently unavailable)
rPois    +         Spirit   .   (helmet currently unavailable)
rElec    .         Reflect  .   (cloak currently unavailable)
rCorr    .         Harm     .   (gloves currently unavailable)
MR       .....     NoTele   +   (no barding)
Stlth    +.........             s - amulet of the acrobat
HPRegen  0.21/turn              (no ring)
MPRegen  0.10/turn              (no ring)

@: tree-form
A: large
a: Depart the Abyss, Bend Space, Renounce Religion


You were on level 3 of the Dungeon.
You worshipped Lugonu.
Lugonu was pleased with you.
You were not hungry.
You were a tree.
You visited 1 branch of the dungeon, and saw 4 of its levels.
You visited the Abyss 1 time.

You collected 263 gold pieces.

Inventory:

Hand Weapons
 a - a +3 hand axe (weapon)
Armour
 e - a +2 shield (worn)
 f - a +2 plate armour of fire resistance (melded)
 g - a cursed +0 cloak (melded)
Jewellery
 s - an amulet of the acrobat (around neck)
Scrolls
 b - 3 scrolls of identify
 h - a scroll of fear
 j - 2 scrolls of remove curse
 o - a scroll of magic mapping
Potions
 d - 2 potions of curing
 k - a potion of might {unknown}
 l - a potion of degeneration {unknown}
 m - a potion of invisibility {unknown}
 n - 2 potions of haste {unknown}
 p - 3 potions of heal wounds {unknown}
 q - a potion of mutation {unknown}
 r - a potion of resistance {unknown}
Comestibles
 c - 4 rations


   Skills:
 + Level 3.4 Fighting
 + Level 3.2 Axes
 * Level 2.0 Armour
 + Level 0.6 Dodging
 * Level 1.3 Shields
 * Level 2.7 Invocations


You had 4 spell levels left.
You didn't know any spells.
Your spell library was empty.

Dungeon Overview and Level Annotations

Branches:
Dungeon (4/15)
 Temple: D:4-7

Altars:
Ashenzari
Cheibriados

Annotations:
D:4 Eustachio, Purgy


Innate Abilities, Weirdness & Mutations

((You have hooves in place of feet.))
((Armour fits poorly on your strangely shaped body.))
((You cover ground very quickly.))
((You have extremely tough skin. (AC +3)))


Message History

The ogre is severely wounded.
The ogre hits you with a +0 giant club!
* * * LOW HITPOINT WARNING * * *
There is an open door here.
Really quaff the potion of lignification?
You turn into a tree.
Your cursed +0 cloak melds into your body.
Your +2 plate armour of fire resistance melds into your body.
You feel less resistant to fire.
Your roots penetrate the ground.
You hit the ogre but do no damage.
The ogre is severely wounded.
The ogre hits you but does no damage.
You hit the ogre.
The ogre is almost dead.
The ogre hits you with a +0 giant club!
* * * LOW HITPOINT WARNING * * *
You hit the ogre.
The ogre is almost dead.
The ogre hits you with a +0 giant club!
You die...

......###.#..)...........#
......# #.#.[.÷..#########
....(.# #.#......# ......#
#.#......# #######
#.#..[...#
#........#############
#......#......[......#
#......#.###########.#
##.....#♣# #.# #.....#O#
#####.# #.....#.# #.....#
#.....#.# #.#####
#.....#'#######.#
#######......<.....##.#
#..............[...'..#
#......###.........##.#
#......# #.........##.###


You could see an ogre.

Vanquished Creatures
  Natasha (thrice) (D:3)
  2 adders
  An ooze (D:3)
  2 dart slugs
  2 leopard geckos (D:2)
  5 orcs (D:3)
  A bat (D:2)
  A giant cockroach (D:3)
  3 goblins
  8 hobgoblins
  6 kobolds
  A quokka (D:2)
  5 frilled lizards
  10 rats
50 creatures vanquished.

Notes
Turn   | Place    | Note
-------+----------+-------------------------------------------
     0 | Abyss:1  | Gargoyl the Centaur Abyssal Knight began the quest for the
                  | Orb.
     0 | Abyss:1  | Reached XP level 1. HP: 19/19 MP: 2/2
    31 | Abyss:1  | Noticed a worldbinder
    33 | Abyss:1  | Noticed an ancient zyme
   120 | Abyss:3  | Noticed a bone dragon
   123 | Abyss:3  | Noticed an ancient zyme
   128 | Abyss:3  | Noticed a large abomination
   147 | Abyss:3  | Noticed a large abomination
   152 | D:1      | Escaped the Abyss
   383 | D:1      | Reached * piety under Lugonu
   666 | D:1      | Reached XP level 2. HP: 26/26 MP: 3/3
  1592 | D:2      | Reached XP level 3. HP: 31/31 MP: 4/4
  2177 | D:3      | Noticed Natasha
  2185 | D:3      | Killed Natasha
  2185 | D:3      | Reached skill level 1 in Shields
  2186 | D:3      | Reached ** piety under Lugonu
  2186 | D:3      | Reached XP level 4. HP: 21/38 MP: 5/5
  2291 | D:3      | Found a snail-covered altar of Cheibriados.
  2292 | D:3      | Noticed Natasha
  2298 | D:3      | Killed Natasha
  2692 | D:3      | Noticed Natasha
  2706 | D:3      | Killed Natasha
  2991 | D:3      | Found a shattered altar of Ashenzari.
  3229 | D:3      | Reached XP level 5. HP: 39/45 MP: 7/7
  3444 | D:4      | Noticed Eustachio
  3445 | D:4      | Noticed an ogre
  3445 | D:4      | Noticed Purgy
  3615 | D:3      | Slain by an ogre

Levels and vault maps discovered:
D:1:      kilobyte_arrival_exit_the_forest, layout_basic,
          chequers_serial_rivers_marsh
D:2:      layout_basic, item_on_display_a
D:3:      layout_basic, ashenzari_altar_1, lemuel_crystal_altar, uniq_natasha
D:4:      layout_basic, minmay_temple_entry_hall, first_ration,
          item_on_display_a, uniq_purgy, uniq_duvessa, uniq_eustachio

Skill      XL: |  1  2  3  4 |
---------------+-------------+-----
Axes           | 2 3 |  3.2
Shields        | 1 |  1.3
Armour         | 2 |  2.0
Fighting       | |  3.4
Dodging        | |  0.6
Invocations    | |  2.7

Action                   |  1- 3 |  4- 6 || total
-------------------------+-------+-------++-------
Melee: Hand axe          |    89 |    53 ||   142
       Kick              |    14 |     8 ||    22
Invok: Depart the Abyss  |     1 |       ||     1
  Use: Scroll            |     7 |     3 ||    10
       Potion            |     1 |     1 ||     2
  Eat: Chunk             |     2 |     1 ||     3
       Ration            |       |     1 ||     1
Armor: Plate armour      |    58 |    26 ||    84
       Leather armour    |     1 |       ||     1
       Skin              |       |     1 ||     1
Dodge: Dodged            |       |     1 ||     1
Block: Shield            |    49 |    24 ||    73

Table legend:
 A = Non-vault XP
 B = Vault XP
 C = Vault XP percentage of total XP
 D = Non-vault monster count
 E = Vault monster count
 F = Vault count percentage of total count
                 A         B        C        D         E       F
            +---------+---------+-------+---------+---------+-------
      Total |     184 |      36 |  16.4 |      49 |       1 |   2.0
            +---------+---------+-------+---------+---------+-------
        D:1 |      24 |       0 |   0.0 |      16 |       0 |   0.0
        D:2 |      24 |       0 |   0.0 |      12 |       0 |   0.0
        D:3 |     123 |      36 |  22.6 |      20 |       1 |   4.8
        D:4 |      13 |       0 |   0.0 |       1 |       0 |   0.0
            +---------+---------+-------+---------+---------+-------
